 Dungeon Crawl Stone Soup version 0.32-a0-13-gbaedc5810e (webtiles) character file.

Game seed: 16712688545218074206

5111 Revguard the Fighter (level 10, -4/82 HPs)
             Began as a Demonspawn Berserker on Jan 15, 2024.
             Was an Elder of Trog.
             Shot with an arrow by a centaur warrior (10 damage)
             ... on level 9 of the Dungeon.
             The game lasted 00:15:53 (7813 turns).

Revguard the Fighter (Demonspawn Berserker)         Turns: 7813, Time: 00:15:54

Health: -4/82      AC: 14    Str: 21    XL:     10   Next: 32%
Magic:  10/10      EV: 13    Int:  7    God:    Trog [****..]
Gold:   406        SH:  0    Dex: 14    Spells: 9/9 levels left

rFire   . . .        i - +0 war axe
rCold   + . .        (no shield)
rNeg    . . .        y - +1 scale mail {rC+}
rPois   .            n - +1 helmet
rElec   .            b - +0 cloak
rCorr   .            o - +0 pair of gloves
SInv    .            u - +0 pair of boots
Will    +....        (no amulet) Stlth
                     w - ring of willpower
HPRegen 0.33/turn    (no ring)
MPRegen 0.12/turn

%: no passive effects
@: no status effects
A: hooves 1, spiny 1, sturdy frame 1
a: Renounce Religion, Berserk, Trog's Hand, Brothers in Arms


You were on level 9 of the Dungeon.
You worshipped Trog.
Trog was greatly pleased with you.
You visited 2 branches of the dungeon, and saw 10 of its levels.

You collected 406 gold pieces.

Inventory:

Hand Weapons
 c - a +0 morningstar of protection
 i - a +0 war axe (weapon)
Armour
 b - a +0 cloak (worn)
 n - a +1 helmet (worn)
 o - a +0 pair of gloves (worn)
 u - a +0 pair of boots (worn)
 y - a +1 scale mail of cold resistance (worn)
Jewellery
 s - a ring of fire
 w - a ring of willpower (left hand)
Wands
 h - a wand of mindburst (9)
Scrolls
 j - 2 scrolls of blinking
 m - 6 scrolls of teleportation
 p - a scroll of torment
 B - 2 scrolls of butterflies
Potions
 a - a potion of mutation {unknown}
 d - 2 potions of magic
 e - 2 potions of attraction
 f - a potion of lignification
 g - a potion of resistance
 k - a potion of berserk rage
 l - 3 potions of curing
 q - 2 potions of might
 r - 3 potions of haste
 t - 3 potions of cancellation
 v - a potion of enlightenment
 A - 3 potions of brilliance


   Skills:
 * Level 8.5 Fighting
 * Level 7.8 Axes
 + Level 5.8 Armour
 + Level 5.8 Dodging
 + Level 5.8 Evocations


You had 9 spell levels left.
You didn't know any spells.
Your spell library was empty.

Dungeon Overview and Level Annotations

Branches:
Dungeon (9/15)             Temple (1/1) D:4
   Lair: D:8-11         Orc: D:9-12

Altars:
Ashenzari
Cheibriados
Dithmenos
Fedhas
Gozag
Hepliaklqana
Kikubaaqudgha
Makhleb
Nemelex Xobeh
Okawaru
Qazlal
Ru
Sif Muna
Trog
Uskayaw
Wu Jian
Xom
Yredelemnul

Shops:
D:9 [

Annotations:
D:9 exclusion: ice statue


Innate Abilities, Weirdness & Mutations

You have large cloven feet.
You are partially covered in sharp spines.
Your movements are slightly less encumbered by armour. (ER -2)


Message History

The two-headed ogre is moderately wounded.
The two-headed ogre is struck by your spines.
The two-headed ogre hits you with a +0 giant club!!
The two-headed ogre hits you with a +0 giant club.
You hit the two-headed ogre.
The two-headed ogre is moderately wounded.
The two-headed ogre is struck by your spines.
The two-headed ogre hits you with a +0 giant club!
* * * LOW HITPOINT WARNING * * *
The two-headed ogre hits you with a +0 giant club.
* * * LOW HITPOINT WARNING * * *
Aiming: Mindburst
Press: ? - help, Shift-Dir - straight line, f - two-headed ogre
Aim: a two-headed ogre, wielding two +0 giant clubs (moderately wounded, chance to affect: 69%)
Okay, then.
Blink to where?
Press: ? - help, Dir - move target
As you read the scroll of blinking, it crumbles to dust.
Okay, then.
Aiming: Mindburst
Press: ? - help, Shift-Dir - straight line, f - two-headed ogre
Aim: a two-headed ogre, wielding two +0 giant clubs (moderately wounded, chance to affect: 69%)
The two-headed ogre struggles to resist.
Aiming: Mindburst
Press: ? - help, Shift-Dir - straight line, f/p - two-headed ogre
Aim: a two-headed ogre, wielding two +0 giant clubs (moderately wounded, chance to affect: 69%)
The two-headed ogre's minds are blasted!
Aiming: Mindburst
Press: ? - help, Shift-Dir - straight line, f/p - two-headed ogre
Aim: a two-headed ogre, wielding two +0 giant clubs (severely wounded, chance to affect: 69%)
The two-headed ogre's minds are blasted!!
You blow up the two-headed ogre!
Trog accepts your kill.
You start resting.
A centaur warrior is nearby!
The centaur warrior shouts!
The centaur warrior shoots an arrow.
The arrow hits you!!
* * * LOW HITPOINT WARNING * * *
The centaur warrior shoots an arrow.
The arrow hits you!
You die...

#.............## ..
#....<........# ##...
#.............# ....#
##....†.......# #...#
#..............###...#
#..............#....#
#....##.......<)...##
##... ##..........##
#... ###.@.....## #...
###...#.c# #...
######..# #..# #..#
#..


You could see a centaur warrior.

Vanquished Creatures
  A two-headed ogre (D:9)
  Jeremiah (D:8)
  Grum (D:8)
  A steam dragon (D:5)
  3 water moccasins
  5 ice beasts
  An orc warrior (D:8)
  2 sky beasts
  A centaur (D:7)
  3 ogres
  4 wolves (D:8)
  2 phantoms
  3 kobold brigands
  4 bullfrogs
  A gnoll sergeant (D:7)
  4 scorpions
  An electric eel (D:6)
  3 howler monkeys (D:7)
  3 bombardier beetles (D:5)
  A gnoll bouda (D:5)
  6 orc priests
  3 hounds
  7 sleepcaps
  3 iguanas
  8 orc wizards
  13 gnolls
  5 adders
  A shadow imp (D:5)
  3 white imps
  6 ufetubi
  5 dart slugs
  3 ribbon worms
  29 orcs
  3 ball pythons
  6 endoplasms
  3 giant cockroaches
  5 goblins
  9 hobgoblins
  7 jackals
  18 kobolds
  4 quokkas
  2 bats (D:1)
  A frilled lizard (D:2)
  2 rats
197 creatures vanquished.

Vanquished Creatures (others)
  An adder (D:6)
1 creature vanquished.

Grand Total: 198 creatures vanquished

Notes
Turn   | Place    | Note
-------+----------+-------------------------------------------
     0 | D:1      | Revguard the Demonspawn Berserker began the quest for the
                  | Orb.
     0 | D:1      | Reached XP level 1. HP: 18/18 MP: 1/1
   143 | D:1      | Gained mutation: Your movements are slightly less
                  | encumbered by armour. (ER -2) [demonic ancestry]
   143 | D:1      | Reached XP level 2. HP: 9/24 MP: 2/2
   514 | D:1      | Found a faded altar of an unknown god.
   826 | D:2      | Found a stormy altar of Qazlal.
   876 | D:2      | Reached skill level 1 in Evocations
   876 | D:2      | Reached XP level 3. HP: 28/29 MP: 3/3
  1219 | D:3      | Found a shimmering blue altar of Sif Muna.
  1391 | D:3      | Reached ** piety under Trog
  1589 | D:3      | Gained mutation: You are partially covered in sharp spines.
                  | [demonic ancestry]
  1589 | D:3      | Reached XP level 4. HP: 30/35 MP: 4/4
  2011 | D:4      | Noticed a scorpion
  2025 | D:4      | Killed a scorpion
  2026 | D:4      | Reached XP level 5. HP: 40/41 MP: 5/5
  2032 | D:4      | Noticed a sky beast
  2040 | D:4      | Killed a sky beast
  2307 | D:4      | Reached skill level 4 in Fighting
  2307 | D:4      | Reached XP level 6. HP: 42/48 MP: 6/6
  2333 | D:4      | Found a staircase to the Ecumenical Temple.
  2356 | Temple   | Entered the Ecumenical Temple
  2648 | D:4      | Found a hazy altar of Hepliaklqana.
  2834 | D:5      | Entered Level 5 of the Dungeon
  2945 | D:5      | Reached XP level 7. HP: 12/55 MP: 7/7
  3450 | D:5      | Found a hide-covered altar of Uskayaw.
  3450 | D:5      | Noticed a steam dragon
  3459 | D:5      | Killed a steam dragon
  3460 | D:5      | Reached skill level 5 in Fighting
  3555 | D:5      | Reached *** piety under Trog
  3686 | D:5      | Gained mutation: You have large cloven feet. [demonic
                  | ancestry]
  3686 | D:5      | Reached XP level 8. HP: 63/63 MP: 8/8
  3688 | D:5      | Reached skill level 5 in Axes
  4206 | D:6      | Reached skill level 6 in Fighting
  4923 | D:6      | Reached XP level 9. HP: 71/71 MP: 9/9
  5389 | D:7      | Reached skill level 7 in Fighting
  5610 | D:7      | Reached skill level 5 in Dodging
  5711 | D:7      | Reached skill level 5 in Armour
  5719 | D:7      | Reached skill level 5 in Evocations
  6582 | D:8      | Reached **** piety under Trog
  6924 | D:8      | Noticed Grum
  6929 | D:8      | Noticed Jeremiah
  6936 | D:8      | Reached skill level 8 in Fighting
  6936 | D:8      | Killed Grum
  6937 | D:8      | Reached XP level 10. HP: 37/80 MP: 10/10
  6944 | D:8      | Killed Jeremiah
  7541 | D:9      | Noticed a centaur warrior
  7542 | D:9      | Found Soighegu's Armour Boutique.
  7746 | D:9      | Noticed an ice statue
  7756 | D:9      | Noticed a two-headed ogre
  7769 | D:9      | Killed a two-headed ogre
  7813 | D:9      | Shot with an arrow by a centaur warrior

Illustrated notes

Levels and vault maps discovered:
D:1:      noname_arrival_rooms_in_the_neighbourhood, layout_rooms,
          shapermc_ecumenical_altar_pompeii
D:2:      layout_rooms, basic_altar
D:3:      layout_basic, mainiacjoe_overflow_alcove_4,
          nicolae_sif_muna_condensation
D:4:      layout_basic, mainiacjoe_overflow_alcove_1,
          minmay_temple_entry_sparse_star
D:5:      layout_basic, gammafunk_temple_overflow_statue
D:6:      layout_basic, kennysheep_path_1, nicolae_lava_and_water,
          nicolae_the_louvre
D:7:      layout_layer_cave, hellmonk_no_cap
D:8:      layout_basic, kennysheep_nondescript, uniq_jeremiah, uniq_grum
D:9:      minmay_ornate_pinched, layout_cave_pods, overflow_temple_1_default,
          serial_shops, nicolae_diamond_shop, minmay_statue_bubble
Temple:   nicolae_temple_superstar

Skill      XL: |  1  2  3  4  5  6  7  8  9 |
---------------+----------------------------+-----
Armour         | 2 3 4 5 |  5.8
Dodging        | 2 3 4 5 |  5.8
Evocations     | 1 2 3 4 5 |  5.8
Axes           | 3 4 6 7 |  7.8
Fighting       | 4 5 6 8 |  8.5

Action                     |  1- 3 |  4- 6 |  7- 9 | 10-12 || total
---------------------------+-------+-------+-------+-------++-------
  Melee: Hand axe          |   139 |    85 |       |       ||   224
         Punch             |     1 |     1 |     6 |       ||     8
         War axe           |       |    22 |   249 |    22 ||   293
         Kick              |       |       |     3 |       ||     3
 Invoke: Berserk           |     1 |     1 |     5 |       ||     7
         Trog's Hand       |       |     1 |     5 |     1 ||     7
  Evoke: Wand              |       |       |       |     3 ||     3
    Use: Scroll            |     6 |     8 |     6 |     3 ||    23
         Potion            |     1 |     1 |       |       ||     2
 Armour: Animal skin       |    29 |       |       |       ||    29
         Ring mail         |    79 |    24 |       |       ||   103
         Scale mail        |       |    38 |   256 |    31 ||   325
  Dodge: Dodged            |   104 |    63 |   234 |    16 ||   417

Table legend: (Time is in decaauts)
 A = Elapsed time spent in this place.
 B = Non-inter-level travel time spent in this place.
 C = Inter-level travel time spent in this place.
 D = Time resting spent in this place.
 E = Time spent auto-exploring this place.
 F = Levels seen in this place.
 G = Mean time per level.
                   A        B        C        D        E       F      G
               +--------+--------+--------+--------+--------+-----+--------+
         Total |   7958 |   7713 |    245 |    498 |   5652 |  10 |  795.8 |
       Dungeon |   7956 |   7711 |    245 |    498 |   5652 |   9 |  884.0 |
        Temple |      1 |      1 |      0 |      0 |      0 |   1 |    1.0 |
               +--------+--------+--------+--------+--------+-----+--------+

Top non-repeatable levels by time:
     D:7: 1322 daAuts
     D:6: 1272 daAuts
     D:8: 1222 daAuts
     D:4: 1032 daAuts
     D:5: 993 daAuts
     D:3: 835 daAuts
     D:1: 727 daAuts
     D:2: 444 daAuts
     D:9: 105 daAuts
  Temple: 1 daAuts
